 Dungeon Crawl Stone Soup version 0.26.1-11-gd32895ea62 (webtiles) character file.

Game seed: 8612985809583145307

8 phalm the Conjurer (level 2, 20/20 HPs)
             Began as a Demonspawn Conjurer on June 24, 2021.
             Quit the game on level 1 of the Dungeon.
             The game lasted 00:00:28 (484 turns).

phalm the Conjurer (Demonspawn Conjurer)             Turns: 484, Time: 00:00:29

Health: 20/20      AC:  2    Str:  7    XL:     2   Next: 0%
Magic:  3/5        EV: 12    Int: 19    God:
Gold:   10         SH:  0    Dex: 11    Spells: 4/5 levels left

rFire    . . .     SeeInvis .   d - -1 mace (curse)
rCold    . . .     Faith    .   (no shield)
rNeg     . . .     Spirit   .   a - +0 robe
rPois    .         Reflect  .   (helmet restricted)
rElec    .         Harm     .   (no cloak)
rCorr    .         Rampage  .   (no gloves)
Will     .....                  (no boots)
Stlth    ++........             (no amulet)
HPRegen  0.06/turn              (no ring)
MPRegen  0.09/turn              (no ring)

@: no status effects
A: antennae 1
a: no special abilities


You were on level 1 of the Dungeon.
You visited 1 branch of the dungeon, and saw 1 of its levels.

You collected 10 gold pieces.


Innate Abilities, Weirdness & Mutations

You have a pair of small antennae on your head.


   Skills:
 + Level 0.6 Fighting
 - Level 1.7 Dodging
 - Level 1.7 Stealth
 + Level 2.1 Spellcasting
 * Level 4.2 Conjurations


You had 4 spell levels left.
You knew the following spells:

 Your Spells              Type           Power        Failure   Level
m - Magic Dart            Conj           72%          3%          1

Your spell library contained the following spells:

 Spells                   Type           Power        Failure   Level
 Searing Ray              Conj           36%          4%          2
 Dazzling Flash           Conj/Hex       20%          22%         3
 Fulminant Prism          Conj/Hex       5%           56%         4
 Iskenderun's Mystic Bla  Conj/Tloc      10%          56%         4

Inventory:

Hand Weapons
 d - a cursed -1 mace (weapon)
   (You found it on level 1 of the Dungeon)
Missiles
 f - 25 stones
Armour
 a - a +0 robe (worn)
Scrolls
 c - a scroll of noise {unknown}
Potions
 b - a potion of attraction {unknown}
 e - a potion of curing {unknown}

Dungeon Overview and Level Annotations

Branches:
Dungeon (1/15)

Altars:

####### #.#.####.........).#
#..
#.....###.#.#..#...........#
##.
#.....##..#.#†.#...........#
#....)##.##.#..#(.
#........##.#..#.#
#.....#####.#..#.#
#.....#####.#..#.# #
#.....'........#'#..##
#.....#........@.....#
#.....#)..............#
#.....#................
#######................
#.......^...#####
##########+#.. ... ...


There were no monsters in sight!


Message History

You lost 1 mp, and now have 2/3 mp.
You open the door.
There is an open door here.
A bat comes into view. 😎 MP[+1]
Your mp is fully restored (3).
Casting: Magic Dart (safe; 3% risk of failure)
Confirm with . or Enter, or press ? or * to list all spells.
Aiming: Magic Dart (safe; 3% risk of failure)
Press: ? - help, Shift-Dir - straight line, f - bat
Aim: a bat (asleep, 0% to evade)
The magic dart hits the bat.
You kill the bat! 😎 HP[+1] MP[-1]
You now have 14 max hp (+1).
Your hp is fully restored (14).
You lost 1 mp, and now have 2/3 mp.
As you open the door, it creaks loudly!
There is an open door here.
You now have 7 gold pieces.
As you open the door, it creaks loudly!
There is an open door here.
You now have 10 gold pieces (gained 3).
e - a fizzy brown potion 😎 MP[+1]
Your mp is fully restored (3).
A hobgoblin comes into view. It is wielding a +0 club.
Casting: Magic Dart (safe; 3% risk of failure)
Confirm with . or Enter, or press ? or * to list all spells.
Aiming: Magic Dart (safe; 3% risk of failure)
Press: ? - help, Shift-Dir - straight line, f - hobgoblin
Aim: a hobgoblin, wielding a +0 club (asleep, 0% to evade)
The magic dart hits the hobgoblin.
The hobgoblin shouts! 😎 MP[-1]
You lost 1 mp, and now have 2/3 mp.
Casting: Magic Dart (safe; 3% risk of failure)
Confirm with . or Enter, or press ? or * to list all spells.
Aiming: Magic Dart (safe; 3% risk of failure)
Press: ? - help, Shift-Dir - straight line, f/p - hobgoblin
Aim: a hobgoblin, wielding a +0 club (moderately wounded, 0% to evade)
The magic dart hits the hobgoblin. 😎 MP[-1]
You lost 1 mp, and now have 1/3 mp.
Casting: Magic Dart (safe; 3% risk of failure)
Confirm with . or Enter, or press ? or * to list all spells.
Aiming: Magic Dart (safe; 3% risk of failure)
Press: ? - help, Shift-Dir - straight line, f/p - hobgoblin
Aim: a hobgoblin, wielding a +0 club (heavily wounded, 0% to evade)
The magic dart hits the hobgoblin.
You kill the hobgoblin! 😎 MP[-1]
You lost 1 mp, and now have 0/3 mp.
f - 24 stones As you open the door, it creaks loudly!
You hear a shout!
A kobold comes into view. It is wielding a +0 dagger.
There is an open door here. 😎 MP[+3]
Your mp is fully restored (3).
Casting: Magic Dart (safe; 3% risk of failure)
Confirm with . or Enter, or press ? or * to list all spells.
Aiming: Magic Dart (safe; 3% risk of failure)
Press: ? - help, Shift-Dir - straight line, f - kobold
Aim: a kobold, wielding a +0 dagger and quivering a stone (0% to evade)
The magic dart hits the kobold.
You kill the kobold! 😎 MP[-1]
You lost 1 mp, and now have 2/3 mp.
f - 25 stones (gained 1)
Things that are here:
a +0 dagger; a kobold corpse 😎 MP[+1]
Your mp is fully restored (3).
A frilled lizard comes into view.
Casting: Magic Dart (safe; 3% risk of failure)
Confirm with . or Enter, or press ? or * to list all spells.
Aiming: Magic Dart (safe; 3% risk of failure)
Press: ? - help, Shift-Dir - straight line, f - frilled lizard
Aim: a frilled lizard (asleep, 0% to evade)
The magic dart hits the frilled lizard.
You kill the frilled lizard! 😎 MP[-1]
You lost 1 mp, and now have 2/3 mp.
You open the door.
A kobold comes into view. 😎 MP[+1]
Your mp is fully restored (3).
Casting: Magic Dart (safe; 3% risk of failure)
Confirm with . or Enter, or press ? or * to list all spells.
Aiming: Magic Dart (safe; 3% risk of failure)
Press: ? - help, Shift-Dir - straight line, f - kobold
Aim: a kobold, quivering a stone (asleep, 0% to evade)
The magic dart hits the kobold.
You kill the kobold!
You have reached level 2!
You feel monstrous as your demonic heritage exerts itself.
Your demonic ancestry asserts itself...
A pair of antennae grows on your head! 😎 HP[+6]
You now have 20 max hp (+6).
Your hp is fully restored (20).
Are you sure you want to abandon this character and quit the game? (Confirm with "yes".)

Action                   || total
-------------------------++-------
 Cast: Magic Dart        ||    11

Levels and vault maps discovered:
D:1:      minmay_arrival_up_and_down, layout_basic, nicolae_ashenzari_panopticon

Notes
Turn   | Place    | Note
-------+----------+-------------------------------------------
     0 | D:1      | phalm the Demonspawn Conjurer began the quest for the Orb.
     0 | D:1      | Reached XP level 1. HP: 13/13 MP: 3/3
     0 | D:1      | magus.rc [v1.9.10]
   484 | D:1      | You feel monstrous as your demonic heritage exerts itself.
   484 | D:1      | Gained mutation: You have a pair of small antennae on your
                  | head. [demonic ancestry]
   484 | D:1      | Reached XP level 2. HP: 20/20 MP: 3/5
   484 | D:1      | Quit the game

Vanquished Creatures
  A bat (D:1)
  A goblin (D:1)
  2 hobgoblins (D:1)
  2 frilled lizards (D:1)
  2 kobolds (D:1)
8 creatures vanquished.

Table legend:
 A = Non-vault XP
 B = Vault XP
 C = Vault XP percentage of total XP
 D = Non-vault monster count
 E = Vault monster count
 F = Vault count percentage of total count
                 A         B        C        D         E       F
            +---------+---------+-------+---------+---------+-------
      Total |      12 |       0 |   0.0 |       8 |       0 |   0.0
            +---------+---------+-------+---------+---------+-------
        D:1 |      12 |       0 |   0.0 |       8 |       0 |   0.0
            +---------+---------+-------+---------+---------+-------

Illustrated notes

Table legend:
 A = Kills in this place as a percentage of kills in entire the game.
 B = Kills by you in this place as a percentage of kills by you in the entire game.
 C = Kills by friends in this place as a percentage of kills by friends in the entire game.
 D = Other kills in this place as a percentage of other kills in the entire game.
 E = Experience gained in this place as a percentage of experience gained in the entire game.
 F = Experience gained in this place divided by the number of levels of this place that you have seen.
                   A       B       C       D       E      F
               +-------+-------+-------+-------+-------+----------------------
         Total | 100.0 | 100.0 |   N/A |   N/A | 100.0 |  12.0
       Dungeon | 100.0 | 100.0 |   N/A |   N/A | 100.0 |  12.0
               +-------+-------+-------+-------+-------+----------------------

Table legend: (Time is in decaauts)
 A = Elapsed time spent in this place.
 B = Non-inter-level travel time spent in this place.
 C = Inter-level travel time spent in this place.
 D = Time resting spent in this place.
 E = Time spent auto-exploring this place.
 F = Levels seen in this place.
 G = Mean time per level.
                   A        B        C        D        E       F      G
               +--------+--------+--------+--------+--------+-----+--------+
         Total |    483 |    483 |      0 |      0 |    450 |   1 |  483.0 |
       Dungeon |    483 |    483 |      0 |      0 |    450 |   1 |  483.0 |
               +--------+--------+--------+--------+--------+-----+--------+

Top non-repeatable levels by time:
     D:1: 483 daAuts
